 Dungeon Crawl Stone Soup version 0.17.0-24-gcfadda4 (webtiles) character file.

560 DeXoteric the Sneak (level 7, 0/32 HPs)
             Began as a Spriggan Enchanter on Nov 18, 2015.
             Killed by Freeze
             ... invoked by zigs's ghost
              (7 damage)
             ... in an ossuary.
             The game lasted 00:13:38 (3130 turns).

DeXoteric the Sneak (Spriggan Enchanter)            Turns: 3130, Time: 00:13:38

Health: 0/32       AC:  4    Str:  4    XL:     7   Next: 9%
Magic:  9/15       EV: 13    Int: 16    God:
Gold:   159        SH:  0    Dex: 19    Spells: 3 memorised, 9 levels left

rFire  . . .     SeeInvis +     a - +1 dagger
rCold  . . .     Clarity  .     u - +1 robe
rNeg   . . .     SustAt   .     (shield restricted)
rPois  .         Gourm    .     (helmet restricted)
rElec  .         Spirit   .     o - +0 cloak
rCorr  .         Warding  .     (gloves unavailable)
rMut   .         Stasis   .     (boots unavailable)
MR     +....                    (no amulet)
Stlth  ++++......               (no ring)
                                (no ring)

@: very quick, somewhat resistant to hostile enchantments, stealthy
A: unfitting armour, see invisible, herbivore 3, speed 3, slow metabolism 2
a: no special abilities


You were in an ossuary.
You were hungry.

You visited 1 branch of the dungeon, and saw 4 of its levels.
You also visited: Ossuary.

You collected 159 gold pieces.

Inventory:

Hand Weapons
 a - a +1 dagger (weapon)
 b - a +0 blowgun
Missiles
 s - 23 poisoned needles
Armour
 o - a +0 cloak (worn)
 u - a +1 robe (worn)
Wands
 f - a wand of fireball (5)
 p - a wand of fireball (10)
 r - a wand of digging (4)
Scrolls
 e - 2 scrolls of remove curse
 g - a scroll of enchant weapon {unknown}
 h - a scroll of blinking
 m - a scroll of magic mapping {unknown}
 v - a scroll of enchant armour {unknown}
Potions
 i - 2 potions of agility
 j - 3 potions of brilliance
 k - a potion of cancellation {unknown}
 n - a potion of cure mutation {unknown}
 q - 2 potions of poison
 t - a potion of haste {unknown}
Books
 c - a book of Maledictions

   Spells                             Type                      Level
   a - Corona                         Hexes                        1
   b - Ensorcelled Hibernation        Hexes/Ice                    2
   c - Confuse                        Hexes                        3
   d - Tukima's Dance                 Hexes                        3
   e - Dazzling Spray                 Conjuration/Hexes            3
Comestibles
 d - 4 bread rations
 l - a fruit


   Skills:
 * Level 5.0 Short Blades
 - Level 3.0 Dodging
 + Level 7.0 Stealth
 + Level 4.7 Spellcasting
 + Level 5.5 Hexes


You had 9 spell levels left.
You knew the following spells:

 Your Spells              Type           Power        Failure   Level  Hunger
a - Corona                Hex            ###....      1%          1    None
x - Confuse               Hex            ###.....     6%          3    ###....
z - Ensorcelled Hibernat  Hex/Ice        ##....       10%         2    ##.....


Dungeon Overview and Level Annotations

Branches:
Dungeon (4/15)
 Temple: D:4-7

Altars:
Gozag
Makhleb
Zin

Annotations:
D:4 Natasha Ossuary zigs's ghost, amateur SpIE


Innate Abilities, Weirdness & Mutations

You are tiny and cannot use many weapons and most armour.
You have supernaturally acute eyesight.
You are a herbivore.
You cover ground extremely quickly.
You need consume almost no food.


Message History

Aim: zigs's ghost (chance to defeat MR: 39%)
Okay, then.
Casting: Confuse
Confirm with . or Enter, or press ? or * to list all spells.
Aiming: Confuse
Press: ? - help, Shift-Dir - straight line, f - zigs's ghost
Aim: zigs's ghost (chance to defeat MR: 39%) Zigs's ghost resists with some effort.
Zigs's ghost hits you!
Casting: Confuse
Confirm with . or Enter, or press ? or * to list all spells.
Aiming: Confuse
Press: ? - help, Shift-Dir - straight line, f/p - zigs's ghost
Aim: zigs's ghost (chance to defeat MR: 39%) Zigs's ghost resists with some effort.
Zigs's ghost hits you!
* * * LOW HITPOINT WARNING * * *
There is an empty arch of ancient stone here.
There is a gate leading back out of this place here.
Zigs's ghost casts a spell at you.
You are frozen.
You die...

##### ##...##
##.....##
#...i...#
#...W...#
#...Z...#
##.....##
##...## #...#
#####.ZZ####
#...........#
##.........##


You could see zigs's ghost, a gnoll zombie, a big kobold zombie and an elf
zombie.

Vanquished Creatures
  Sigmund (D:4)
  Duvessa (D:4)
  Dowan (D:4)
  An orc wizard (D:4)
  Jessica (D:3)
  2 human skeletons (D:4)
  Natasha (D:4)
  Robin (D:2)
  A gnoll (D:3)
  4 adders
  A worm (D:4)
  3 orcs (D:4)
  2 giant cockroaches (D:2)
  20 goblins
  13 hobgoblins
  3 jackals (D:2)
  7 kobolds
  7 bats
  A giant gecko (D:3)
  2 giant newts
  2 quokkas
  5 rats
80 creatures vanquished.

Notes
Turn   | Place    | Note
--------------------------------------------------------------
     0 | D:1      | DeXoteric the Spriggan Enchanter began the quest for the Orb.
     0 | D:1      | Reached XP level 1. HP: 9/9 MP: 5/5
   278 | D:1      | Reached XP level 2. HP: 13/13 MP: 6/6
   406 | D:1      | Learned a level 2 spell: Ensorcelled Hibernation
   406 | D:1      | You fall through a shaft!
   574 | D:2      | Reached XP level 3. HP: 16/16 MP: 8/8
  1247 | D:2      | Found a glowing silver altar of Zin.
  1248 | D:2      | Found an opulent altar of Gozag.
  1367 | D:2      | Noticed Robin
  1401 | D:2      | Reached skill level 5 in Stealth
  1439 | D:2      | Killed Robin
  1621 | D:2      | Reached XP level 4. HP: 13/21 MP: 9/9
  1837 | D:2      | Learned a level 3 spell: Confuse
  1860 | D:3      | Found a burning altar of Makhleb.
  1911 | D:3      | Noticed Jessica
  1914 | D:3      | Killed Jessica
  2427 | D:4      | Noticed Sigmund
  2441 | D:4      | Killed Sigmund
  2441 | D:4      | Reached skill level 6 in Stealth
  2441 | D:4      | Reached skill level 5 in Hexes
  2441 | D:4      | Reached XP level 5. HP: 16/24 MP: 5/12
  2441 | D:4      | Reached XP level 6. HP: 18/28 MP: 5/13
  2549 | D:4      | Noticed Duvessa
  2549 | D:4      | Noticed Dowan
  2555 | D:4      | Noticed Natasha
  2556 | D:4      | Killed Dowan
  2593 | D:4      | Killed Natasha
  2609 | D:4      | Killed Duvessa
  2744 | D:4      | Reached skill level 7 in Stealth
  3025 | D:4      | Noticed Natasha
  3098 | D:4      | Reached XP level 7. HP: 25/32 MP: 15/15
  3104 | D:4      | Found a sand-covered staircase.
  3106 | D:4      | Reached skill level 5 in Short Blades
  3111 | Ossuary  | Entered an ossuary
  3117 | Ossuary  | Noticed zigs's ghost (amateur SpIE)
  3130 | Ossuary  | Killed from afar by zigs's ghost

Action                   |  1- 3 |  4- 6 |  7- 9 || total
-------------------------+-------+-------+-------++-------
Melee: Dagger            |   157 |   114 |     1 ||   272
 Cast: Corona            |     1 |       |       ||     1
       Ensorcelled Hiber |    12 |    11 |       ||    23
       Confuse           |       |     5 |     2 ||     7
Evoke: Wand              |       |     3 |       ||     3
  Use: Scroll            |       |     8 |       ||     8
 Stab: Sleeping          |    13 |    15 |     1 ||    29
       Distracted        |     2 |     1 |       ||     3
       Confused          |       |     2 |       ||     2
  Eat: Fruit             |       |     1 |       ||     1
